cohdb
Replays
Latest Replays
All Replays
Popular Replays
Top Player Replays
Match Explorer
How It Works
Community
CoH3 Stats
Reddit
Sign in to upload your games and track your stats! →
Sign in with Steam
Match 42587683
Unlisted
Match 42587683
Overview
Messages
Build Orders
End
Selects Italian Combined Arms Battlegroup
Selects Bersaglieri Squad
Bersaglieri Squad
250 Light Carrier
Bersaglieri Squad
Construct Light Support Kompanie
MG34 Team
2.5-tonne Medical Truck
Bersaglieri Squad
Construct Mechanized Kompanie
Selects Bersaglieri Bolster
Marder III Tank Destroyer
Support Armor Elements
Selects Breda Model 30 Light Machine Guns
2.5-tonne Medical Truck
StuG III D Assault Gun
Marder III Tank Destroyer
Emergency Repair Kits
Selects Semovente da 75/18 Assault Gun
Construct Panzerarmee Kommand
2.5-tonne Medical Truck
Selects Strafing Run
Selects Artillery Cover
Vitalcase
Prushka
pagep
7k this year for sure
0
0
Comments
sign in to comment!
No comments posted yet!